[Event "GER-ch Youth U16w 2019"]
[Site "Willingen"]
[Date "2019.06.14"]
[Round "8.5"]
[White "Bui, Ngoc Han Julia"]
[Black "Khamenya, Vitalia"]
[Result "1/2-1/2"]
[ECO "C77"]
[WhiteElo "1973"]
[BlackElo "1877"]
[Annotator "NA"]
[PlyCount "66"]
[EventDate "2019.06.07"]
[EventType "swiss"]
[EventRounds "9"]
[EventCountry "GER"]
[SourceTitle "playchess.com"]
[Source "ChessBase"]
[SourceQuality "1"]
[TimeControl "40/5400+30:1800+30"]

1. e4 e5 2. Nf3 Nc6 3. Bb5 a6 4. Ba4 Nf6 5. d3 b5 6. Bb3 Bc5 7. O-O d6 8. a4 Rb8 9. axb5 axb5 10. c3 h6 11. Re1 O-O 12. Nbd2 Bb6 13. Nf1 Ne7 14. Be3 c5 15. Bc2 Ng6 16. Ng3 Qc7 17. d4 c4 18. Nf5 Rd8 19. Qe2 Ba5 20. Nd2 b4 21. Qxc4 bxc3 22. Qxc7 Bxc7 23. bxc3 Ng4 24. Nc4 Be6 25. Bd3 d5 26. exd5 Bxd5 27. Nxe5 N4xe5 28. dxe5 Bxe5 29. Bd4 Bxd4 30. Nxd4 Nf4 31. Be4 Rbc8 32. g3 Bxe4 33. Rxe4 Nd5 {[%emt 0:00:37] normal} 1/2-1/2

[Event "GER-ch Youth U16w 2019"]
[Site "Willingen"]
[Date "2019.06.14"]
[Round "8.6"]
[White "Brunner, Sophia"]
[Black "Rudolph, Eva"]
[Result "1-0"]
[ECO "A00"]
[WhiteElo "1839"]
[BlackElo "1786"]
[Annotator "NA"]
[PlyCount "119"]
[EventDate "2019.06.07"]
[EventType "swiss"]
[EventRounds "9"]
[EventCountry "GER"]
[SourceTitle "playchess.com"]
[Source "ChessBase"]
[SourceQuality "1"]
[TimeControl "40/5400+30:1800+30"]

1. b4 e5 2. a3 d5 3. Bb2 Bd6 4. c4 c6 5. e3 Nd7 6. Nf3 Ne7 7. Nc3 O-O 8. Qc2 Re8 9. Rc1 Nf6 10. cxd5 Nexd5 11. Nxd5 Nxd5 12. Qe4 Bd7 13. Bc4 Nf6 14. Qc2 Qe7 15. Ng5 Rf8 16. f4 g6 17. O-O Rae8 18. h4 exf4 19. exf4 Nd5 20. Bxd5 cxd5 21. Qd3 Be6 22. Rce1 Qd7 23. Qd4 f6 24. Nxe6 Rxe6 25. Qxd5 Rfe8 26. Rxe6 Qxe6 27. Qxb7 Re7 28. Qf3 Qf5 29. g3 Bc7 30. Bd4 Bb6 31. Bxb6 axb6 32. Rc1 Qd7 33. Qf2 Qd3 34. Rc3 Qd6 35. Re3 Rc7 36. Rc3 Rd7 37. d3 Rc7 38. Rxc7 Qxc7 39. Qd2 Qc6 40. Kf2 Qh1 41. Qe3 Qh2+ 42. Ke1 Qh1+ 43. Kd2 Qg2+ 44. Kc3 Qa2 45. Qxb6 Qxa3+ 46. Kc4 Qa2+ 47. Kb5 Qd5+ 48. Qc5 Qd7+ 49. Kc4 Kg7 50. b5 Qe6+ 51. Qd5 Qc8+ 52. Kb4 Qc7 53. Qc5 Qd7 54. d4 Qe6 55. b6 Qe1+ 56. Kb5 Qb1+ 57. Kc6 Qe4+ 58. d5 Qe8+ 59. Kb7 Kh6 60. d6 {[%emt 0:01:14] normal} 1-0

[Event "GER-ch Youth U16w 2019"]
[Site "Willingen"]
[Date "2019.06.14"]
[Round "8.7"]
[White "Stowicek, Yara Mathilda"]
[Black "Wagner, Victoria"]
[Result "0-1"]
[ECO "B22"]
[WhiteElo "1692"]
[BlackElo "1808"]
[Annotator "NA"]
[PlyCount "74"]
[EventDate "2019.06.07"]
[EventType "swiss"]
[EventRounds "9"]
[EventCountry "GER"]
[SourceTitle "playchess.com"]
[Source "ChessBase"]
[SourceQuality "1"]
[TimeControl "40/5400+30:1800+30"]

1. e4 c5 2. c3 Nf6 3. e5 Nd5 4. d4 cxd4 5. Qxd4 e6 6. Nf3 Nc6 7. Qe4 f5 8. Qe2 Qc7 9. g3 b6 10. Bg2 Ncb4 11. c4 Ba6 12. b3 b5 13. Na3 Nc3 14. Qd2 Ne4 15. Qe2 bxc4 16. bxc4 Rc8 17. Nh4 g6 18. Bb2 Bxc4 19. Nxc4 Qxc4 20. Qxc4 Rxc4 21. O-O Nd3 22. Bxe4 fxe4 23. Rab1 Bc5 24. Ng2 O-O 25. Nf4 Nxf2 26. Kg2 Ng4 27. Rfc1 Ne3+ 28. Kh1 Rb8 29. Ba1 Rxb1 30. Rxb1 Bb6 31. a3 Ng4 32. h3 Nf2+ 33. Kg2 Rc2 34. a4 Ng4+ 35. Kf1 Rf2+ 36. Ke1 Ba5+ 37. Kd1 Ne3+ {[%emt 0:00:05] normal} 0-1

[Event "GER-ch Youth U16w 2019"]
[Site "Willingen"]
[Date "2019.06.14"]
[Round "8.8"]
[White "Meijerink, Inken"]
[Black "Klemke, Kassandra"]
[Result "1-0"]
[ECO "B02"]
[WhiteElo "1681"]
[BlackElo "1662"]
[Annotator "NA"]
[PlyCount "69"]
[EventDate "2019.06.07"]
[EventType "swiss"]
[EventRounds "9"]
[EventCountry "GER"]
[SourceTitle "playchess.com"]
[Source "ChessBase"]
[SourceQuality "1"]
[TimeControl "40/5400+30:1800+30"]

1. e4 Nf6 2. Nc3 d5 3. exd5 Nxd5 4. g3 e6 5. Bg2 c5 6. Nf3 Nc6 7. O-O Be7 8. Nxd5 exd5 9. d4 c4 10. c3 O-O 11. Ne5 Be6 12. b3 Nxe5 13. dxe5 b5 14. Be3 Qc7 15. Bd4 Qd7 16. b4 Bh3 17. Bxh3 Qxh3 18. a4 a6 19. Qf3 Qe6 20. Qe3 Qc6 21. a5 Rfe8 22. f4 Rad8 23. Rad1 Bd6 24. Qf3 Bc7 25. Rd2 Rd7 26. Rfd1 Red8 27. f5 Re8 28. Re2 Rde7 29. f6 Re6 30. Qg4 g6 31. Qg5 Bxe5 32. Rxe5 Rxe5 33. Bxe5 Qe6 34. Qh6 Qxe5 35. Qg7# {[%emt 0:00:05] normal} 1-0

[Event "GER-ch Youth U16w 2019"]
[Site "Willingen"]
[Date "2019.06.14"]
[Round "8.9"]
[White "Zell, Hannah"]
[Black "Huppert, Anna"]
[Result "1/2-1/2"]
[ECO "A25"]
[WhiteElo "1473"]
[BlackElo "1515"]
[Annotator "NA"]
[PlyCount "41"]
[EventDate "2019.06.07"]
[EventType "swiss"]
[EventRounds "9"]
[EventCountry "GER"]
[SourceTitle "playchess.com"]
[Source "ChessBase"]
[SourceQuality "1"]
[TimeControl "40/5400+30:1800+30"]

1. c4 e5 2. g3 g6 3. Bg2 Bg7 4. Nc3 Nc6 5. Rb1 Nge7 6. e3 d6 7. Nge2 Bf5 8. d3 Qd7 9. f3 Nb4 10. e4 Be6 11. a3 Nbc6 12. b4 a5 13. Qb3 O-O 14. O-O Bh3 15. g4 Bxg2 16. Kxg2 axb4 17. axb4 Nd4 18. Qb2 c6 19. Be3 f5 20. h3 d5 21. Ra1 {[%emt 0:09:51] normal} 1/2-1/2

[Event "GER-ch Youth U16w 2019"]
[Site "Willingen"]
[Date "2019.06.14"]
[Round "8.10"]
[White "Sokolowski, Judith"]
[Black "Peschel, Julia"]
[Result "1-0"]
[ECO "C54"]
[WhiteElo "1749"]
[BlackElo "1275"]
[Annotator "NA"]
[PlyCount "81"]
[EventDate "2019.06.07"]
[EventType "swiss"]
[EventRounds "9"]
[EventCountry "GER"]
[SourceTitle "playchess.com"]
[Source "ChessBase"]
[SourceQuality "1"]
[TimeControl "40/5400+30:1800+30"]

1. e4 e5 2. Nf3 Nc6 3. Bc4 Bc5 4. c3 Nf6 5. d4 exd4 6. cxd4 Bb4+ 7. Bd2 Bxd2+ 8. Nbxd2 d5 9. exd5 Nxd5 10. O-O O-O 11. Rc1 Nb6 12. Bb3 Bg4 13. h3 Bh5 14. Rc5 Bg6 15. Qc1 Rc8 16. Rd1 Nb4 17. Qc3 Nd3 18. Ra5 a6 19. Ne5 Nxe5 20. dxe5 Qe7 21. Nf3 Rfd8 22. Rxd8+ Rxd8 23. Rc5 c6 24. Qa5 Nd7 25. Rc1 Re8 26. Re1 Nc5 27. Qc3 Nd3 28. Re3 Nf4 29. Qd4 Ne6 30. Qg4 Nc5 31. h4 Nxb3 32. Rxb3 h5 33. Qc4 Rd8 34. Kh2 Bf5 35. Qf4 Be6 36. Ra3 Rd1 37. Ng5 Rb1 38. Qe4 Qc5 39. Qxb1 Qxe5+ 40. Rg3 Bf5 41. Qd1 {[%emt 0:01:02] normal} 1-0

[Event "GER-ch Youth U16w 2019"]
[Site "Willingen"]
[Date "2019.06.14"]
[Round "8.11"]
[White "Sinnhoefer, Lilian"]
[Black "Jacoby, Angelina"]
[Result "1/2-1/2"]
[ECO "B00"]
[WhiteElo "1396"]
[BlackElo "1412"]
[Annotator "NA"]
[PlyCount "50"]
[EventDate "2019.06.07"]
[EventType "swiss"]
[EventRounds "9"]
[EventCountry "GER"]
[SourceTitle "playchess.com"]
[Source "ChessBase"]
[SourceQuality "1"]
[TimeControl "40/5400+30:1800+30"]

1. e4 d6 2. d4 g6 3. c4 Nd7 4. Nc3 Ngf6 5. g3 Bg7 6. Bg2 O-O 7. Nf3 e5 8. O-O Qe7 9. b3 h6 10. Bb2 b6 11. dxe5 dxe5 12. Nd5 Nxd5 13. Qxd5 Ba6 14. Rad1 Rad8 15. Qc6 Nc5 16. Ba3 Rxd1 17. Rxd1 Rd8 18. Rxd8+ Qxd8 19. Bxc5 Qd1+ 20. Bf1 Qxf3 21. Be3 Kh7 22. Qxc7 Qxe4 23. Bg2 Qb1+ 24. Bf1 Qe4 25. Bg2 Qb1+ {[%emt 0:00:26] normal} 1/2-1/2

[Event "GER-ch Youth U16w 2019"]
[Site "Willingen"]
[Date "2019.06.14"]
[Round "8.12"]
[White "Dietz, Helena"]
[Black "Wucherer, Sophie"]
[Result "0-1"]
[ECO "A45"]
[WhiteElo "1534"]
[BlackElo "1496"]
[Annotator "NA"]
[PlyCount "114"]
[EventDate "2019.06.07"]
[EventType "swiss"]
[EventRounds "9"]
[EventCountry "GER"]
[SourceTitle "playchess.com"]
[Source "ChessBase"]
[SourceQuality "1"]
[TimeControl "40/5400+30:1800+30"]

1. d4 Nf6 2. Bf4 g6 3. e3 Bg7 4. Nf3 O-O 5. c4 c5 6. Nc3 cxd4 7. exd4 a6 8. Be2 d5 9. b3 Nc6 10. O-O Be6 11. Be3 Ne4 12. Rc1 Qa5 13. Nxe4 dxe4 14. Ng5 Nxd4 15. Bxd4 Qxg5 16. Bxg7 Kxg7 17. Qd4+ Kg8 18. Qxe4 b6 19. Rcd1 h5 20. Bf3 Qa5 21. Qc2 Rac8 22. Qe2 Rc5 23. Rd2 h4 24. h3 Rg5 25. Rd4 Bxh3 26. Rxh4 Be6 27. Kh2 Kg7 28. Rh1 Qe5+ 29. Kg1 Qxe2 30. Bxe2 Ra5 31. a4 Rd8 32. Re4 b5 33. cxb5 axb5 34. axb5 Ra1+ 35. Bf1 Rdd1 36. Kh2 Rxf1 37. Rxf1 Rxf1 38. b6 Bd5 39. Rb4 Rxf2 40. b7 Rxg2+ 41. Kh3 Bxb7 42. Rxb7 Rb2 43. Kg4 f5+ 44. Kg5 Rg2+ 45. Kf4 Kf6 46. b4 g5+ 47. Kf3 Rb2 48. Rb6+ e6 49. b5 Ke5 50. Rb8 g4+ 51. Kg3 Rb3+ 52. Kg2 f4 53. Rg8 Rb2+ 54. Kg1 g3 55. Kf1 Ke4 56. Re8 e5 57. Rb8 Ke3 {[%emt 0:00:00] normal} 0-1

[Event "GER-ch Youth U16w 2019"]
[Site "Willingen"]
[Date "2019.06.14"]
[Round "8.13"]
[White "Genova, Magdalina"]
[Black "Schneider, Katharina"]
[Result "0-1"]
[ECO "A34"]
[WhiteElo "1421"]
[BlackElo "1784"]
[Annotator "NA"]
[PlyCount "78"]
[EventDate "2019.06.07"]
[EventType "swiss"]
[EventRounds "9"]
[EventCountry "GER"]
[SourceTitle "playchess.com"]
[Source "ChessBase"]
[SourceQuality "1"]
[TimeControl "40/5400+30:1800+30"]

1. c4 c5 2. Nc3 Nf6 3. g3 d5 4. cxd5 Nxd5 5. Bg2 Nc7 6. d3 e5 7. Nf3 Nc6 8. O-O Be7 9. b3 Be6 10. Bb2 f6 11. Nd2 O-O 12. Nc4 Qd7 13. Re1 Rac8 14. Ne4 b6 15. a4 Rfd8 16. Ned2 Nd5 17. a5 b5 18. Ne3 a6 19. Ne4 Nd4 20. Nxd5 Bxd5 21. Nd2 Bxg2 22. Kxg2 f5 23. Rc1 Bg5 24. e3 Qd5+ 25. e4 fxe4 26. dxe4 Qe6 27. Rc3 Nxb3 28. Qxb3 c4 29. Nxc4 bxc4 30. Qc2 Bd2 31. Rc1 Bxc3 32. Bxc3 Rd3 33. Qb2 Qg4 34. Bxe5 Qxe4+ 35. Kg1 Rcd8 36. Qa1 Qf3 37. Re1 Rd1 38. Qc3 Rxe1+ 39. Qxe1 Rd1 {[%emt 0:00:15] normal} 0-1

[Event "GER-ch Youth U16w 2019"]
[Site "Willingen"]
[Date "2019.06.15"]
[Round "9.1"]
[White "Fock, Amina"]
[Black "Brunner, Sophia"]
[Result "0-1"]
[ECO "B01"]
[WhiteElo "1723"]
[BlackElo "1839"]
[Annotator "NA"]
[PlyCount "97"]
[EventDate "2019.06.07"]
[EventType "swiss"]
[EventRounds "9"]
[EventCountry "GER"]
[SourceTitle "playchess.com"]
[Source "ChessBase"]
[SourceQuality "1"]
[TimeControl "40/5400+30:1800+30"]

1. e4 d5 2. exd5 Qxd5 3. Nc3 Qd8 4. d4 Nf6 5. Nf3 Bg4 6. Be2 e6 7. h3 Bh5 8. g4 Bg6 9. Ne5 Be4 10. Nxe4 Nxe4 11. Bf3 Nd6 12. Qe2 c6 13. c3 Nd7 14. Nxd7 Qxd7 15. d5 cxd5 16. Bxd5 Be7 17. Bg2 Rd8 18. Be3 b6 19. a4 Qc7 20. Bd4 Bf6 21. Bxf6 gxf6 22. Qf3 Ke7 23. Qf4 Qc4 24. Qxc4 Nxc4 25. b4 Rd3 26. Rc1 Nb2 27. Bf1 Rd6 28. c4 Rhd8 29. Be2 Nxa4 30. Ra1 Nc3 31. Rxa7+ Kf8 32. Ra1 Rd2 33. Bf3 e5 34. Bd5 Rd4 35. O-O Nxd5 36. cxd5 R8xd5 37. Rfb1 Rc4 38. Ra2 Rb5 39. Rab2 Ke7 40. Kg2 Ke6 41. Kg3 f5 42. f3 f4+ 43. Kf2 f5 44. gxf5+ Kxf5 45. Kg2 e4 46. fxe4+ Kxe4 47. Kf2 Rc3 48. Rh1 Kd4 49. Kg2 {[%emt 0:02:11] normal} 0-1

[Event "GER-ch Youth U16w 2019"]
[Site "Willingen"]
[Date "2019.06.15"]
[Round "9.2"]
[White "Khamenya, Vitalia"]
[Black "Bardorz, Jana"]
[Result "0-1"]
[ECO "E98"]
[WhiteElo "1877"]
[BlackElo "1769"]
[Annotator "NA"]
[PlyCount "88"]
[EventDate "2019.06.07"]
[EventType "swiss"]
[EventRounds "9"]
[EventCountry "GER"]
[SourceTitle "playchess.com"]
[Source "ChessBase"]
[SourceQuality "1"]
[TimeControl "40/5400+30:1800+30"]

1. d4 Nf6 2. Nf3 g6 3. c4 Bg7 4. Nc3 O-O 5. e4 d6 6. Be2 e5 7. O-O Nc6 8. d5 Ne7 9. Ne1 Nd7 10. Be3 f5 11. f3 f4 12. Bf2 g5 13. a4 h5 14. a5 a6 15. b4 Nf6 16. c5 g4 17. cxd6 cxd6 18. Na4 gxf3 19. Bxf3 Bg4 20. Bb6 Qe8 21. Bc7 Nxe4 22. Bxg4 hxg4 23. Qxg4 Nxd5 24. Bb6 Nxb4 25. Qe2 Qc6 26. Nd3 Nc3 27. Nxc3 Qxc3 28. Nxb4 Qxb4 29. Qa2+ Rf7 30. Rac1 Kf8 31. Rc4 Qb5 32. Rfc1 Qe8 33. Qa3 Qe6 34. Bc7 Rd7 35. Qb4 Qd5 36. Qa4 Ke7 37. Rd1 Qe6 38. Qb4 Bf8 39. Rcc1 Kf6 40. Qxb7 Qe8 41. Rc6 Kg7 42. Rdc1 Kg8 43. Rxa6 Rxa6 44. Qxa6 e4 {[%emt 0:02:09] normal} 0-1

[Event "GER-ch Youth U16w 2019"]
[Site "Willingen"]
[Date "2019.06.15"]
[Round "9.3"]
[White "Basovskiy, Jana"]
[Black "Muedder, Melanie"]
[Result "0-1"]
[ECO "B30"]
[WhiteElo "1761"]
[BlackElo "1912"]
[Annotator "NA"]
[PlyCount "56"]
[EventDate "2019.06.07"]
[EventType "swiss"]
[EventRounds "9"]
[EventCountry "GER"]
[SourceTitle "playchess.com"]
[Source "ChessBase"]
[SourceQuality "1"]
[TimeControl "40/5400+30:1800+30"]

1. e4 c5 2. Nf3 Nc6 3. d3 d6 4. g3 g6 5. Bg2 Bg7 6. O-O e5 7. Nc3 Be6 8. Nd2 Nge7 9. Nc4 d5 10. exd5 Nxd5 11. Ne4 Bf8 12. Re1 Be7 13. Bh6 f5 14. Ned2 Bf6 15. f4 Qd7 16. fxe5 Be7 17. Nf3 O-O-O 18. Qd2 f4 19. Bxf4 Nxf4 20. Qxf4 Rhf8 21. Qe4 Bf5 22. Qe2 Bg4 23. Rf1 Nd4 24. Qd1 Nxf3+ 25. Bxf3 Rxf3 26. Rxf3 Qd5 27. Nd2 Qd4+ 28. Kg2 Qxe5 {[%emt 0:01:35] normal} 0-1

[Event "GER-ch Youth U16w 2019"]
[Site "Willingen"]
[Date "2019.06.15"]
[Round "9.4"]
[White "Wagner, Victoria"]
[Black "Rothenberg, Nina"]
[Result "1/2-1/2"]
[ECO "C06"]
[WhiteElo "1808"]
[BlackElo "1653"]
[Annotator "NA"]
[PlyCount "59"]
[EventDate "2019.06.07"]
[EventType "swiss"]
[EventRounds "9"]
[EventCountry "GER"]
[SourceTitle "playchess.com"]
[Source "ChessBase"]
[SourceQuality "1"]
[TimeControl "40/5400+30:1800+30"]

1. e4 e6 2. d4 d5 3. Nd2 Nf6 4. e5 Nfd7 5. Bd3 c5 6. c3 Nc6 7. Ne2 cxd4 8. cxd4 f6 9. exf6 Nxf6 10. O-O Bd6 11. Nf3 Qc7 12. h3 O-O 13. Be3 e5 14. dxe5 Nxe5 15. Nxe5 Bxe5 16. Qd2 Ne4 17. Bxe4 dxe4 18. Qd5+ Kh8 19. Rac1 Qd6 20. Qxd6 Bxd6 21. Bc5 Bxc5 22. Rxc5 Bd7 23. Ng3 Bc6 24. Re1 Rfe8 25. Rc2 Rad8 26. Rce2 h6 27. Nxe4 Rxe4 28. Rxe4 Bxe4 29. Rxe4 Rd1+ 30. Kh2 {[%emt 0:00:14] normal} 1/2-1/2

[Event "GER-ch Youth U16w 2019"]
[Site "Willingen"]
[Date "2019.06.15"]
[Round "9.5"]
[White "Glinzner, Alva"]
[Black "Berelowitsch, Dana"]
[Result "1-0"]
[ECO "A08"]
[WhiteElo "1833"]
[BlackElo "1753"]
[Annotator "NA"]
[PlyCount "86"]
[EventDate "2019.06.07"]
[EventType "swiss"]
[EventRounds "9"]
[EventCountry "GER"]
[SourceTitle "playchess.com"]
[Source "ChessBase"]
[SourceQuality "1"]
[TimeControl "40/5400+30:1800+30"]

1. e4 e6 2. d3 d5 3. Nd2 c5 4. g3 Nc6 5. Bg2 Nf6 6. Ngf3 Be7 7. O-O O-O 8. Re1 Qc7 9. Qe2 d4 10. e5 Nd5 11. h4 Rd8 12. Nf1 f6 13. N1h2 fxe5 14. Ng4 Nf6 15. Ngxe5 Nxe5 16. Nxe5 Bd6 17. Nc4 Re8 18. Nxd6 Qxd6 19. Bf4 Qb6 20. c3 Bd7 21. Be5 Rf8 22. Rac1 Rac8 23. b3 Bc6 24. cxd4 cxd4 25. Bh3 Bd5 26. Bxd4 Qa6 27. Rxc8 Rxc8 28. Bxe6+ Bxe6 29. Qxe6+ Qxe6 30. Rxe6 Rd8 31. Bxa7 Rxd3 32. Re7 b5 33. Re5 Rd2 34. Rxb5 Rxa2 35. Rb7 Rb2 36. Bd4 Rb1+ 37. Kg2 h6 38. b4 Rb3 39. b5 Rb4 40. Be3 Nd5 41. b6 Nxe3+ 42. fxe3 g5 43. hxg5 hxg5 {[%emt 0:00:01] normal} 1-0

[Event "GER-ch Youth U16w 2019"]
[Site "Willingen"]
[Date "2019.06.15"]
[Round "9.6"]
[White "Bui, Ngoc Han Julia"]
[Black "Sokolowski, Judith"]
[Result "1/2-1/2"]
[ECO "B01"]
[WhiteElo "1973"]
[BlackElo "1749"]
[Annotator "NA"]
[PlyCount "67"]
[EventDate "2019.06.07"]
[EventType "swiss"]
[EventRounds "9"]
[EventCountry "GER"]
[SourceTitle "playchess.com"]
[Source "ChessBase"]
[SourceQuality "1"]
[TimeControl "40/5400+30:1800+30"]

1. e4 d5 2. exd5 Qxd5 3. Nc3 Qd8 4. d4 Nf6 5. Bc4 a6 6. Nf3 b5 7. Bb3 c5 8. dxc5 Qxd1+ 9. Nxd1 e6 10. a4 b4 11. O-O Bb7 12. Ne5 Bxc5 13. Be3 Nbd7 14. Nc4 O-O 15. Na5 Bd5 16. Re1 Rac8 17. Bxd5 Nxd5 18. Nc4 Be7 19. b3 Bf6 20. Rc1 Rc7 21. Bd2 Nc5 22. Nde3 Nxe3 23. Nxe3 a5 24. Nc4 Ra8 25. Bf4 Rc6 26. Nd6 e5 27. Bxe5 Bxe5 28. Rxe5 Nxb3 29. Rce1 g6 30. cxb3 Rxd6 31. g3 Rd3 32. R1e3 Rd1+ 33. Kg2 Rb1 34. h4 {[%emt 0:03:17] normal} 1/2-1/2

[Event "GER-ch Youth U16w 2019"]
[Site "Willingen"]
[Date "2019.06.15"]
[Round "9.7"]
[White "Huppert, Anna"]
[Black "Ziegenfuss, Larissa"]
[Result "0-1"]
[ECO "B23"]
[WhiteElo "1515"]
[BlackElo "1771"]
[Annotator "NA"]
[PlyCount "88"]
[EventDate "2019.06.07"]
[EventType "swiss"]
[EventRounds "9"]
[EventCountry "GER"]
[SourceTitle "playchess.com"]
[Source "ChessBase"]
[SourceQuality "1"]
[TimeControl "40/5400+30:1800+30"]

1. e4 c5 2. Nc3 Nc6 3. f4 g6 4. Nf3 Bg7 5. Bb5 Nd4 6. Bc4 e6 7. O-O Ne7 8. Nxd4 cxd4 9. Ne2 O-O 10. Kh1 d5 11. exd5 Nxd5 12. c3 Nb6 13. Bd3 dxc3 14. dxc3 Bd7 15. Qe1 Bc6 16. Qg3 f5 17. Bd2 Qe7 18. Rad1 Rad8 19. Be3 Na4 20. Rd2 Nxb2 21. Bxa7 Nxd3 22. Rxd3 Qa3 23. Rxd8 Rxd8 24. Bd4 Qxa2 25. Qf2 Bb5 26. Re1 Bxd4 27. cxd4 Rc8 28. Kg1 Rc2 29. Kf1 Rxe2 30. Rxe2 Qa1+ 31. Qe1 Bxe2+ 32. Kxe2 Qxe1+ 33. Kxe1 Kf7 34. Kd2 Ke7 35. Kc3 Kd6 36. Kc4 Kc6 37. h3 b5+ 38. Kb4 Kd5 39. Kxb5 Kxd4 40. g3 Ke4 41. Kc6 Kf3 42. Kd6 Kxg3 43. Kxe6 Kxf4 44. Kf6 Kg3 {[%emt 0:00:11] normal} 0-1

[Event "GER-ch Youth U16w 2019"]
[Site "Willingen"]
[Date "2019.06.15"]
[Round "9.8"]
[White "Rudolph, Eva"]
[Black "Zell, Hannah"]
[Result "0-1"]
[ECO "C44"]
[WhiteElo "1786"]
[BlackElo "1473"]
[Annotator "NA"]
[PlyCount "110"]
[EventDate "2019.06.07"]
[EventType "swiss"]
[EventRounds "9"]
[EventCountry "GER"]
[SourceTitle "playchess.com"]
[Source "ChessBase"]
[SourceQuality "1"]
[TimeControl "40/5400+30:1800+30"]

1. e4 e5 2. Nf3 Nc6 3. Bc4 Bc5 4. O-O d6 5. c3 Bg4 6. d4 exd4 7. Bxf7+ Kxf7 8. Ng5+ Qxg5 9. Qb3+ Be6 10. Qxb7 Qd8 11. Qxc6 Ne7 12. Qa4 dxc3 13. Nxc3 Rf8 14. Bg5 Qe8 15. Qc2 Kg8 16. Rac1 Bc4 17. Ne2 Bxe2 18. Qxe2 Ng6 19. Kh1 Nf4 20. Qf3 Ne6 21. Qb3 Rb8 22. Qc4 Rb4 23. Qd5 c6 24. Qd2 Rd4 25. Qe3 Nxg5 26. Qxg5 Rxe4 27. f3 Re2 28. Rb1 a5 29. Qg3 Qe5 30. Qh4 Rb8 31. Rfe1 Rbxb2 32. Qd8+ Kf7 33. Qd7+ Kf6 34. Qd8+ Kg6 35. Qxa5 Bf2 36. Qxe5 dxe5 37. Red1 Rxb1 38. Rxb1 Re1+ 39. Rxe1 Bxe1 40. Kg1 c5 41. Kf1 Ba5 42. Ke2 c4 43. Ke3 c3 44. Kd3 Kf6 45. Kc2 g5 46. Kd3 h5 47. h3 h4 48. Kc2 Kf5 49. Kd3 Kf4 50. Kc2 Ke3 51. a3 e4 52. fxe4 Kxe4 53. a4 Kd4 54. Kc1 Kd3 55. Kd1 Bb6 {[%emt 0:00:14] normal} 0-1

[Event "GER-ch Youth U16w 2019"]
[Site "Willingen"]
[Date "2019.06.15"]
[Round "9.9"]
[White "Wucherer, Sophie"]
[Black "Stowicek, Yara Mathilda"]
[Result "1/2-1/2"]
[ECO "A48"]
[WhiteElo "1496"]
[BlackElo "1692"]
[Annotator "NA"]
[PlyCount "79"]
[EventDate "2019.06.07"]
[EventType "swiss"]
[EventRounds "9"]
[EventCountry "GER"]
[SourceTitle "playchess.com"]
[Source "ChessBase"]
[SourceQuality "1"]
[TimeControl "40/5400+30:1800+30"]

1. d4 Nf6 2. Nf3 g6 3. c4 c5 4. d5 b5 5. cxb5 a6 6. Nc3 Bg7 7. e4 d6 8. Qc2 O-O 9. Be2 axb5 10. Nxb5 Ba6 11. O-O Qb6 12. a4 Nbd7 13. Ra2 Rfb8 14. b3 Ne8 15. Be3 Nc7 16. a5 Qb7 17. Nxc7 Qxc7 18. Bxa6 Rxa6 19. Bd2 Qb7 20. Rb1 Ra7 21. Ne1 Qb5 22. Ra3 Nb6 23. Bc3 Bxc3 24. Qxc3 Nc4 25. Ra4 Nxa5 26. Rba1 Rba8 27. b4 cxb4 28. Rxb4 Qd7 29. Rba4 Qb5 30. Rb4 Qd7 31. Rab1 Qc8 32. Qxc8+ Rxc8 33. Ra1 Rca8 34. Rba4 Nc6 35. Rxa7 Rxa7 36. Rxa7 Nxa7 37. Nd3 Nb5 38. f3 Kg7 39. Kf2 f6 40. Ke3 {[%emt 0:00:20] normal} 1/2-1/2

[Event "GER-ch Youth U16w 2019"]
[Site "Willingen"]
[Date "2019.06.15"]
[Round "9.10"]
[White "Klemke, Kassandra"]
[Black "Jacoby, Angelina"]
[Result "1-0"]
[ECO "A00"]
[WhiteElo "1662"]
[BlackElo "1412"]
[Annotator "NA"]
[PlyCount "91"]
[EventDate "2019.06.07"]
[EventType "swiss"]
[EventRounds "9"]
[EventCountry "GER"]
[SourceTitle "playchess.com"]
[Source "ChessBase"]
[SourceQuality "1"]
[TimeControl "40/5400+30:1800+30"]

1. a3 d5 2. Nf3 Nf6 3. g3 Bf5 4. Bg2 e6 5. O-O Be7 6. d4 h6 7. c4 c6 8. Nc3 Nbd7 9. Nd2 O-O 10. e4 dxe4 11. Ndxe4 Nxe4 12. Nxe4 e5 13. d5 cxd5 14. Qxd5 Rb8 15. b4 Be6 16. Qd3 Nf6 17. Qxd8 Rfxd8 18. c5 Nxe4 19. Bxe4 Bd5 20. Bxd5 Rxd5 21. Be3 a6 22. Rfc1 Rc8 23. Rc3 Rd7 24. Rac1 Rdc7 25. Rc4 Kf8 26. Re4 f6 27. f4 exf4 28. Bxf4 Rc6 29. Rce1 g5 30. Rxe7 gxf4 31. Rxb7 fxg3 32. hxg3 R8c7 33. Rxc7 Rxc7 34. Re6 a5 35. Rxf6+ Kg7 36. Ra6 axb4 37. axb4 h5 38. c6 Kf6 39. b5 Ke6 40. Rb6 Kd6 41. Rb7 Rc8 42. Kh2 Ke6 43. Kh3 Kf5 44. c7 Ke6 45. b6 Kd7 46. Rb8 {normal} 1-0

[Event "GER-ch Youth U16w 2019"]
[Site "Willingen"]
[Date "2019.06.15"]
[Round "9.11"]
[White "Peschel, Julia"]
[Black "Schneider, Katharina"]
[Result "1-0"]
[ECO "C54"]
[WhiteElo "1275"]
[BlackElo "1784"]
[Annotator "NA"]
[PlyCount "69"]
[EventDate "2019.06.07"]
[EventType "swiss"]
[EventRounds "9"]
[EventCountry "GER"]
[SourceTitle "playchess.com"]
[Source "ChessBase"]
[SourceQuality "1"]
[TimeControl "40/5400+30:1800+30"]

1. e4 e5 2. Nf3 Nc6 3. Bc4 Bc5 4. c3 Nf6 5. d3 a6 6. O-O Ba7 7. Bb3 d6 8. Nbd2 O-O 9. h3 h6 10. Re1 Ne7 11. Nf1 Ng6 12. Ng3 Be6 13. Bc2 Qd7 14. d4 Rfd8 15. Be3 c6 16. Qd2 Qc7 17. a3 d5 18. exd5 Nxd5 19. Bxg6 Nxe3 20. Bxf7+ Bxf7 21. Qxe3 exd4 22. Nxd4 Re8 23. Qf3 Bd5 24. Qg4 Kh8 25. Ngf5 c5 26. Nf3 Rad8 27. Rad1 Rxe1+ 28. Rxe1 Bxf3 29. Qxf3 Bb8 30. g3 Rf8 31. Qg4 Rf7 32. Nxh6 Rf6 33. Nf5 Rf7 34. Re8+ Kh7 35. Re6 {normal} 1-0

[Event "GER-ch Youth U16w 2019"]
[Site "Willingen"]
[Date "2019.06.15"]
[Round "9.12"]
[White "Sinnhoefer, Lilian"]
[Black "Genova, Magdalina"]
[Result "1-0"]
[ECO "B98"]
[WhiteElo "1396"]
[BlackElo "1421"]
[Annotator "NA"]
[PlyCount "63"]
[EventDate "2019.06.07"]
[EventType "swiss"]
[EventRounds "9"]
[EventCountry "GER"]
[SourceTitle "playchess.com"]
[Source "ChessBase"]
[SourceQuality "1"]
[TimeControl "40/5400+30:1800+30"]

1. e4 c5 2. Nf3 d6 3. d4 cxd4 4. Nxd4 Nf6 5. Nc3 a6 6. Bg5 e6 7. f4 Be7 8. Qf3 Qc7 9. g4 Nbd7 10. O-O-O b5 11. Bxf6 Nxf6 12. g5 Nd7 13. f5 Bxg5+ 14. Kb1 e5 15. Nd5 Qb7 16. Qh5 Bh6 17. Ne6 Nb6 18. Nec7+ Kf8 19. Nxb6 Qxb6 20. Nxa8 Qc6 21. Bg2 Bb7 22. f6 Bxa8 23. fxg7+ Bxg7 24. Rhf1 Qc7 25. Rxd6 f6 26. Rfd1 Kg8 27. Rd8+ Bf8 28. Rxa8 Qc5 29. Qg4+ Kf7 30. Rd7+ Be7 31. Rxh8 Qg1+ 32. Rd1 {[%emt 0:00:06] normal} 1-0